 Dungeon Crawl Stone Soup version 0.30-a0-721-ga6a225cb13 (webtiles) character file.

Game seed: 12800851726969301783

1383 funkygono the Firebug (level 8, -2/88 HPs)
             Began as a Grey Draconian Fire Elementalist on Jan 27, 2023.
             Slain by an orc warrior
             ... wielding a +0 scimitar
              (3 damage)
             ... on level 6 of the Dungeon.
             The game lasted 00:11:16 (6672 turns).

funkygono the Firebug (DrFE)                        Turns: 6672, Time: 00:11:17

Health: -2/88      AC: 24    Str: 11    XL:     8   Next: 40%
Magic:  3/18       EV:  2    Int: 17    God:
Gold:   346        SH:  5    Dex: 12    Spells: 14/20 levels left

rFire   + . .      SeeInvis .    f - +0 whip
rCold   x . .      Faith    .    (no shield)
rNeg    . . .      Spirit   .    (body armour unavailable)
rPois   +          Reflect  +    (helmet currently unavailable)
rElec   .          Harm     .    (cloak currently unavailable)
rCorr   .          Rampage  .    (gloves currently unavailable)
Will    .....      NoTele   +    (boots currently unavailable)
Stlth   ++                       k - amulet of reflection
HPRegen 0.34/turn                z - ring of fire
MPRegen 0.16/turn                (no ring)

@: tree-form
A: stationary, stasis, torment immunity, boosted hp, AC +11, (amphibious),
unfitting armour, (cold-blooded)
a: no special abilities


You were on level 6 of the Dungeon.
You were a tree.
You visited 2 branches of the dungeon, and saw 7 of its levels.

You collected 346 gold pieces.

Inventory:

Hand Weapons
 f - a +0 whip (weapon)
 r - a +1 dagger of venom
 A - a +0 long sword
Armour
 o - a +0 pair of boots (melded)
 p - an orb of wrath
Jewellery
 g - an amulet of faith
 k - an amulet of reflection (around neck)
 z - a ring of fire (left branch)
Wands
 y - a wand of acid (8)
Scrolls
 c - 2 scrolls of teleportation
 i - 2 scrolls of fog
Potions
 d - a potion of resistance {unknown}
 e - 3 potions of lignification
 h - 3 potions of mutation
 j - a potion of curing {unknown}
 l - 2 potions of cancellation {unknown}
 m - 2 potions of ambrosia {unknown}
 q - 2 potions of haste {unknown}
 t - a potion of flight {unknown}
 w - 3 potions of degeneration {unknown}


   Skills:
 + Level 1.0 Fighting
 + Level 2.3 Dodging
 - Level 1.7 Stealth
 + Level 0.5 Shields
 + Level 6.7 Spellcasting
 + Level 3.7 Conjurations
 + Level 6.7 Fire Magic


You had 14 spell levels left.
You knew the following spells:

 Your Spells              Type           Power      Damage    Failure   Level
a - Foxfire               Conj/Fire      100%       2x1d9     1%          1
b - Scorch                Fire           86%        2d9       1%          2
c - Kindle Blastsparks    Fire/Tloc/Air  40%        2d13      14%         3

Your spell library contained the following spells:

 Spells                   Type           Power      Damage    Failure   Level
 Shock                    Conj/Air       48%        1d6       5%          1
 Inner Flame              Hex/Fire       25%        N/A       9%          3
 Ignite Poison            Fire/Tmut/Pois 20%        N/A       14%         3
 Flame Wave               Conj/Fire      35%        2d10      14%         4
 Dazzling Flash           Conj/Hex       24%        N/A       17%         3
 Sublimation of Blood     Necr           5%         N/A       19%         2
 Swiftness                Air            5%         N/A       34%         3
 Airstrike                Air            2%         2d(1-17)  75%         4
 Petrify                  Tmut/Erth      5%         N/A       75%         4
 Irradiate                Conj/Tmut      6%         3d13      83%         5
 Freezing Cloud           Conj/Ice/Air   5%         6-21      89%         5
 Agony                    Necr           5%         N/A       97%         5
 Silence                  Hex/Air        2%         N/A       97%         5
 Summon Cactus Giant      Summ           2%         N/A       100%        6


Dungeon Overview and Level Annotations

Branches:
Dungeon (6/15)             Temple (1/1) D:4

Altars:
Ashenzari
Cheibriados
Dithmenos
Elyvilon
Gozag
Hepliaklqana
Makhleb
Nemelex Xobeh
Okawaru
Qazlal
Ru
Wu Jian
Xom
Zin
The Shining One

Shops:
D:3 *   D:5 =


Innate Abilities, Weirdness & Mutations

You are a tree.
Your roots penetrate the ground, keeping you stationary.
You cannot be teleported.
You are immune to unholy pain and torment.
Your maximum health is greatly increased.
Your equipment is partially melded.
((Your dull iron-grey scales are very hard. (AC +11)))
((You are amphibious.))
You cannot fit into any form of body armour.
((You are cold-blooded and may be slowed by cold attacks.))


Message History

The shadow imp hits you but does no damage.
The orc priest hits you but does no damage.
The orc warrior hits you with a +0 scimitar.
* * * LOW HITPOINT WARNING * * *
You closely miss the orc warrior.
The orc warrior is moderately wounded.
You block the shadow imp's attack.
The orc priest hits you but does no damage.
The orc warrior hits you with a +0 scimitar!
* * * LOW HITPOINT WARNING * * *
You hit the shadow imp but do no damage.
The shadow imp is moderately wounded.
The shadow imp barely misses you.
The orc priest calls down the wrath of Beogh upon you.
Beogh smites you!
* * * LOW HITPOINT WARNING * * *
The orc warrior hits you but does no damage.
The orc priest hits you but does no damage.
The orc warrior hits you but does no damage.
The shadow imp completely misses you.
You barely miss the shadow imp.
The shadow imp is moderately wounded.
The shadow imp hits you.
* * * LOW HITPOINT WARNING * * *
The orc priest hits you but does no damage.
You block the orc warrior's attack.
You barely miss the shadow imp.
The shadow imp is moderately wounded.
The shadow imp hits you but does no damage.
The orc priest hits you but does no damage.
You block the orc warrior's attack.
You closely miss the shadow imp.
The shadow imp is moderately wounded.
The shadow imp shouts, "Embrace thy dedition, thou erky fool-born tiler!"
The shadow imp hits you but does no damage.
The orc priest mumbles some strange prayers to Beogh against you.
Beogh smites you!
* * * LOW HITPOINT WARNING * * *
The orc warrior hits you with a +0 scimitar.
You die...

#.# #
#...#.# #
#...#.# ..
#.!)#.# ..
#...#.#
#.##...#.#
.)[..)#.#
#o5##.#
#o♣...#
#.#####
...# #####


You could see an orc warrior, an orc priest and a shadow imp.

Vanquished Creatures
  A steam dragon (D:6)
  An ice beast (D:5)
  A phantom (D:6)
  A centaur (D:6)
  3 bullfrogs
  A scorpion (D:4)
  5 wights (D:6)
  An orc priest (D:6)
  2 hounds (D:5)
  5 iguanas
  4 orc wizards (D:6)
  Terence (D:2)
  5 adders
  2 white imps (D:6)
  3 worms (D:2)
  2 dart slugs
  5 orcs
  6 bats
  8 endoplasms
  2 giant cockroaches
  9 goblins
  7 hobgoblins
  5 jackals
  8 kobolds
  4 quokkas
  15 ball pythons
  3 frilled lizards
  5 rats
115 creatures vanquished.

Vanquished Creatures (others)
  An adder (D:3)
  428 foxfires
429 creatures vanquished.

Grand Total: 544 creatures vanquished

Notes
Turn   | Place    | Note
-------+----------+-------------------------------------------
     0 | D:1      | funkygono the Draconian Fire Elementalist began the quest
                  | for the Orb.
     0 | D:1      | Reached XP level 1. HP: 14/14 MP: 3/3
   345 | D:1      | Reached XP level 2. HP: 20/20 MP: 0/5
   348 | D:1      | Learned a level 2 spell: Scorch
   684 | D:1      | Noticed a great orb of eyes
   687 | D:1      | Found a faded altar of an unknown god.
   737 | D:1      | Noticed a shining eye
   742 | D:1      | Noticed a golden eye
   747 | D:1      | Noticed a shining eye
  1091 | D:2      | Reached XP level 3. HP: 26/26 MP: 3/6
  1759 | D:2      | Reached XP level 4. HP: 34/34 MP: 5/8
  1763 | D:2      | Learned a level 3 spell: Kindle Blastsparks
  1924 | D:2      | Noticed Terence
  1933 | D:2      | Killed Terence
  2665 | D:3      | Found Acovux's Assorted Antiques.
  2941 | D:3      | Found a glowing golden altar of the Shining One.
  3356 | D:4      | Found a broken altar of Ashenzari.
  3662 | D:4      | Found a stormy altar of Qazlal.
  3664 | D:4      | Noticed a water elemental
  3664 | D:4      | Noticed an air elemental
  3665 | D:4      | Noticed an earth elemental
  3665 | D:4      | Noticed a fire elemental
  3676 | D:4      | Reached XP level 5. HP: 39/39 MP: 0/10
  3861 | D:4      | Found an opulent altar of Gozag.
  3938 | D:4      | Found a staircase to the Ecumenical Temple.
  3945 | Temple   | Entered the Ecumenical Temple
  4121 | D:4      | Found a sparkling altar of Nemelex Xobeh.
  4601 | D:5      | Entered Level 5 of the Dungeon
  4684 | D:5      | Noticed an ice beast
  4692 | D:5      | Killed an ice beast
  4693 | D:5      | Reached XP level 6. HP: 36/46 MP: 2/12
  4880 | D:5      | Reached skill level 5 in Fire Magic
  5206 | D:5      | Found Atu Lel's Jewellery Shoppe.
  5398 | D:6      | Reached skill level 5 in Spellcasting
  5398 | D:6      | Your scales start taking on a dull iron-grey colour.
  5398 | D:6      | Reached XP level 7. HP: 51/51 MP: 9/14
  5447 | D:6      | Found a white marble altar of Elyvilon.
  5707 | D:6      | Found a sacrificial altar of Ru.
  6281 | D:6      | Reached XP level 8. HP: 44/58 MP: 4/17
  6649 | D:6      | Reached skill level 1 in Fighting
  6672 | D:6      | HP: 1/88 [orc priest/divine providence (8)]
  6672 | D:6      | Slain by an orc warrior

Illustrated notes

Levels and vault maps discovered:
D:1:      amcnicky_arrival_feature_with_door, layout_loops_ring,
          hellmonk_ecumenical_altar_watching_god, serial_bayou_crossing
D:2:      layout_basic, uniq_terence
D:3:      layout_loops_corners, marbit_many_paths, serial_shops,
          nicolae_shop_overgrown_old_shop, lemuel_flame_loot_1
D:4:      layout_loops_ring, nicolae_qazlal_style_of_elements,
          nicolae_overflow_crystal_walls, cheibrodos_ashenzari_chains,
          nemelex_dance_club_becter, minmay_temple_entry_enclosed_plants,
          minmay_box_of_dots
D:5:      layout_gridville, serial_shops, nicolae_shop_stone,
          minmay_misc_feat_doors
D:6:      layout_basic, kennysheep_ying_yang, trog_three_pillars_becter,
          nicolae_ru_the_path_less_chosen, nrook_mini_backslash
Temple:   hellmonk_temple_two_chambers

Skill      XL: |  1  2  3  4  5  6  7  8 |
---------------+-------------------------+-----
Fire Magic     | 4 5 6 |  6.7
Dodging        | 2 |  2.3
Conjurations   | 2 3 |  3.7
Spellcasting   | 3 4 5 6 |  6.7
Fighting       | 1 |  1.0
Stealth        | |  1.7
Shields        | |  0.5

Action                     |  1- 3 |  4- 6 |  7- 9 || total
---------------------------+-------+-------+-------++-------
  Melee: Club              |     2 |       |       ||     2
         Whip              |    12 |     9 |    33 ||    54
         Tailslap          |     3 |     3 |     2 ||     8
         Punch             |     1 |       |       ||     1
   Cast: Foxfire           |    79 |   105 |    67 ||   251
         Scorch            |       |    14 |    19 ||    33
    Use: Scroll            |       |     8 |       ||     8
         Potion            |       |       |     3 ||     3
 Armour: Skin              |    10 |     7 |    34 ||    51
  Dodge: Dodged            |    16 |    16 |    28 ||    60
  Block: Other             |       |    10 |    19 ||    29

Table legend: (Time is in decaauts)
 A = Elapsed time spent in this place.
 B = Non-inter-level travel time spent in this place.
 C = Inter-level travel time spent in this place.
 D = Time resting spent in this place.
 E = Time spent auto-exploring this place.
 F = Levels seen in this place.
 G = Mean time per level.
                   A        B        C        D        E       F      G
               +--------+--------+--------+--------+--------+-----+--------+
         Total |   6697 |   6604 |     93 |    288 |   5405 |   7 |  956.7 |
       Dungeon |   6659 |   6573 |     86 |    288 |   5384 |   6 | 1109.8 |
        Temple |     37 |     31 |      6 |      0 |     21 |   1 |   37.0 |
               +--------+--------+--------+--------+--------+-----+--------+

Top non-repeatable levels by time:
     D:6: 1291 daAuts
     D:4: 1231 daAuts
     D:2: 1229 daAuts
     D:3: 1075 daAuts
     D:1: 1049 daAuts
     D:5: 782 daAuts
  Temple: 37 daAuts
